 Seeded DCSS version 0.29.1-13-g9f3cf754e1 (webtiles) character file.

Game seed: 16245865983455551772 (custom seed)

4 OTABOTABOTAB the Insei (level 1, 13/13 HPs)
             Began as an Octopode Transmuter on Jan 24, 2023.
             Quit the game on level 1 of the Dungeon.
             The game lasted 00:01:13 (227 turns).

OTABOTABOTAB the Insei (Octopode Transmuter)         Turns: 227, Time: 00:01:14

Health: 13/13      AC:  1    Str:  9    XL:     1   Next: 60%
Magic:  3/3        EV: 17    Int: 25    God:
Gold:   0          SH:  4    Dex: 18    Spells: 3/4 levels left

rFire   + . .      SeeInvis .     - Unarmed
rCold   . . .      Faith    .   b - +0 buckler of the Several Geomancers {Int+6}
rNeg    . . .      Spirit   .   (helmet restricted)
rPois   .          Reflect  .   (no amulet)
rElec   +          Harm     .   E - +4 ring of evasion
rCorr   .          Rampage  .   a - ring "Merekhleomn" {rElec rF+ Int+4 Dex+6 Stlth+}
Will    .....                   (no ring)
Stlth   ++++......              (no ring)
HPRegen 0.04/turn               (no ring)
MPRegen 0.08/turn               (no ring)
                                (no ring)
                                (no ring)

@: no status effects
A: almost no armour, amphibious, 8 rings, camouflage 1, gelatinous body 1,
(nimble swimmer 1), tentacles
a: no special abilities


You were on level 1 of the Dungeon.
You visited 1 branch of the dungeon, and saw 1 of its levels.

Inventory:

Missiles
 s - 4 stones (quivered)
Armour
 b - the +0 buckler of the Several Geomancers (worn) {Int+6}
   (You acquired it on level 1 of the Dungeon)

   Int:       It affects your intelligence (+6).
Jewellery
 a - the ring "Merekhleomn" (right tentacle) {rElec rF+ Int+4 Dex+6 Stlth+}
   (You acquired it on level 1 of the Dungeon)

   [ring of dexterity]

   Int:       It affects your intelligence (+4).
   Dex:       It affects your dexterity (+6).
   rF:        It protects you from fire.
   rElec:     It insulates you from electricity.
   Stlth:     It makes you more stealthy.
 E - a +4 ring of evasion (left tentacle)
   (You acquired it on level 1 of the Dungeon)
Potions
 P - a potion of lignification {!q}


   Skills:
 + Level 1.1 Fighting
 + Level 2.0 Dodging
 + Level 3.0 Unarmed Combat
 + Level 2.0 Spellcasting
 + Level 2.0 Transmutations


You had 3 spell levels left.
You knew the following spells:

 Your Spells              Type           Power      Damage    Failure   Level
a - Beastly Appendage     Tmut           26%        N/A       6%          1

Your spell library contained the following spells:

 Spells                   Type           Power      Damage    Failure   Level
 Wereblood                Tmut           13%        N/A       10%         2
 Spider Form              Tmut/Pois      7%         N/A       30%         3
 Ice Form                 Ice/Tmut       7%         N/A       69%         4


Dungeon Overview and Level Annotations

Branches:
Dungeon (1/15)

Altars:


Innate Abilities, Weirdness & Mutations

You cannot wear most types of armour.
You are amphibious.
You can wear up to eight rings at the same time.
Your skin changes colour to match your surroundings (Stealth+).
Your rubbery body absorbs attacks. (AC +1, EV +1)
((You are camouflaged when in or above water. (Stealth+)))
You have tentacles for arms and can constrict up to eight enemies at once.


Message History

Bad channel name for runrest: 'Jiyva says: Divide and consume' Welcome, OTABOTABOTAB the Octopode Transmuter.
Game seed: 16245865983455551772 (custom seed)
Found a sling.
Found a staircase leading out of the dungeon.
Found an escape hatch in the floor.
Found an escape hatch in the floor.
A goblin comes into view. It is wielding a +0 dagger.
A quokka comes into view.
One of your tentacles grows a vicious spike.
You now have 2/3 mp.
You closely miss the quokka. Your grab misses the quokka.
Your squeeze misses the quokka.
The goblin shouts!
The quokka closely misses you.
You tentacle-slap the quokka. Your grab misses the quokka.
The quokka twitches its whiskers.
The quokka bites you. The quokka misses you.
You take 1 damage, and have 12/13 hp.
You tentacle-slap the quokka. You grab the quokka.
You pierce the quokka, but do no damage.
Your squeeze misses the quokka.
You constrict the quokka, but do no damage.
The quokka completely misses you.
Unknown command.
You tentacle-slap the quokka.
You constrict the quokka, but do no damage.
The quokka closely misses you.
You tentacle-slap the quokka.
You kill the quokka!
You closely miss the goblin. You grab the goblin.
You pierce the goblin.
You kill the goblin!
No target in view!
Unknown command.
No target in view!
Your transformation is almost over.
Your tentacle spike disappears.
s - 6 stones (quivered)
An endoplasm comes into view.
You see here 3 scrolls labelled WAC GOIFOFITOUPLEC.
Health restored: 13; MP restored: 3
a - 3 scrolls labelled WAC GOIFOFITOUPLEC One of your tentacles grows a vicious spike.
You now have 2/3 mp.
You throw a stone. The stone hits the endoplasm.
You throw a stone.
The stone hits the endoplasm but does no damage.
The endoplasm freezes you.
You are frozen.
You take 2 damage, and have 11/13 hp.
You tentacle-slap the endoplasm. You tentacle-slap the endoplasm.
You kill the endoplasm!
Your transformation is almost over.
Your tentacle spike disappears.
Okay, then.
Unknown command.
This is a scroll of acquirement!
Something appears before you!
b - the +0 buckler of the Several Geomancers {Int+6} Something appears before you!
E - a +4 ring of evasion Something appears before you!
a - the ring "Merekhleomn" {rElec rF+ Int+4 Dex+6 Stlth+}
There are no items here.
E - a +4 ring of evasion (left tentacle) MP restored: 3 You feel agile.
You feel clever.
a - the ring "Merekhleomn" (right tentacle) {rElec rF+ Int+4 Dex+6 Stlth+} You start putting on your armour.
You continue putting on the +0 buckler of the Several Geomancers {Int+6}. x4
You finish putting on the +0 buckler of the Several Geomancers {Int+6}.
You feel clever.
One of your tentacles grows a vicious spike.
You now have 2/3 mp.
You start resting.
Your transformation is almost over.
Your tentacle spike disappears.
Health restored: 13; MP restored: 3 You start waiting.
Done waiting.

## #. #.# #
#.######..##
##.##.#.@.......
........#..#....
##.##...#..# .
#...###.#
#...#.#..
#..##.##.#
#..#...#.. ...
##.##...##.## ...
#..#.....#..#....


There were no monsters in sight!

Vanquished Creatures
  An endoplasm (D:1)
  A goblin (D:1)
  A quokka (D:1)
3 creatures vanquished.

Notes
Turn   | Place    | Note
-------+----------+-------------------------------------------
     0 | D:1      | OTABOTABOTAB the Octopode Transmuter began the quest for
                  | the Orb.
     0 | D:1      | Reached XP level 1. HP: 13/13 MP: 3/3
    83 | D:1      | Identified 3 scrolls of acquirement
    83 | D:1      | Acquired the +0 buckler of the Several Geomancers {Int+6}
    85 | D:1      | Acquired a +4 ring of evasion
    87 | D:1      | Acquired the ring "Merekhleomn" {rElec rF+ Int+4 Dex+6
                  | Stlth+}
   227 | D:1      | Quit the game

Illustrated notes

Levels and vault maps discovered:
D:1:      minmay_arrival_hallway, layout_loops_corners, basic_ecumenical_altar,
          minmay_unequal

Action                   || total
-------------------------++-------
Melee: Unarmed           ||     8
       Constrict         ||     2
       Kick              ||     2
Throw: Stone             ||     2
 Cast: Beastly Appendage ||     3
 Abil: End Transformatio ||     1
  Use: Scroll            ||     3
Dodge: Dodged            ||     4

Table legend: (Time is in decaauts)
 A = Elapsed time spent in this place.
 B = Non-inter-level travel time spent in this place.
 C = Inter-level travel time spent in this place.
 D = Time resting spent in this place.
 E = Time spent auto-exploring this place.
 F = Levels seen in this place.
 G = Mean time per level.
                   A        B        C        D        E       F      G
               +--------+--------+--------+--------+--------+-----+--------+
         Total |    225 |    225 |      0 |    130 |     62 |   1 |  225.0 |
       Dungeon |    225 |    225 |      0 |    130 |     62 |   1 |  225.0 |
               +--------+--------+--------+--------+--------+-----+--------+

Top non-repeatable levels by time:
     D:1: 225 daAuts

Table legend:
 A = Kills in this place as a percentage of kills in entire the game.
 B = Kills by you in this place as a percentage of kills by you in the entire game.
 C = Kills by friends in this place as a percentage of kills by friends in the entire game.
 D = Other kills in this place as a percentage of other kills in the entire game.
 E = Experience gained in this place as a percentage of experience gained in the entire game.
 F = Experience gained in this place divided by the number of levels of this place that you have seen.
                   A       B       C       D       E      F
               +-------+-------+-------+-------+-------+----------------------
         Total | 100.0 | 100.0 |   N/A |   N/A | 100.0 |   6.0
       Dungeon | 100.0 | 100.0 |   N/A |   N/A | 100.0 |   6.0
               +-------+-------+-------+-------+-------+----------------------
